 Dungeon Crawl Stone Soup version 0.28-a0-1447-ga5a8893891 (webtiles) character file.

Game seed: 6175250277677321164

49 blank1 the Skirmisher (level 3, 0/33 HPs)
             Began as a Minotaur Fighter on Jan 11, 2022.
             Succumbed to an adder's poison
             ... on level 2 of the Dungeon.
             The game lasted 00:01:55 (1417 turns).

blank1 the Skirmisher (Minotaur Fighter)            Turns: 1417, Time: 00:01:55

Health: 0/33       AC:  7    Str: 28    XL:     3   Next: 53%
Magic:  2/2        EV: 10    Int:  5    God:
Gold:   117        SH:  4    Dex:  9    Spells: 2/2 levels left

rFire   . . .      SeeInvis .   a - +0 flail
rCold   . . .      Faith    .   c - +0 buckler
rNeg    . . .      Spirit   .   b - +0 scale mail
rPois   .          Reflect  .   (helmet restricted)
rElec   .          Harm     .   (no cloak)
rCorr   .          Rampage  .   (no gloves)
Will    .....                   (no boots)
Stlth   ..........              (no amulet)
HPRegen 0.11/turn               h - +6 ring of strength
MPRegen 0.08/turn               (no ring)

@: lethally poisoned (0 -> -1)
A: horns 2, retaliatory headbutt
a: no special abilities


You were on level 2 of the Dungeon.
You visited 1 branch of the dungeon, and saw 3 of its levels.

You collected 117 gold pieces.

Inventory:

Hand Weapons
 a - a +0 flail (weapon)
Armour
 b - a +0 scale mail (worn)
 c - a +0 buckler (worn)
Jewellery
 h - a +6 ring of strength (left hand)
 i - a ring of fire
Scrolls
 g - 2 scrolls of noise {unknown}
 j - a scroll of fog {unknown}
 k - a scroll of torment {unknown}
Potions
 d - a potion of might
 e - a potion of cancellation {unknown}
 f - a potion of invisibility {unknown}


   Skills:
 + Level 4.1 Fighting
 + Level 3.1 Maces & Flails
 - Level 4.0 Armour
 + Level 1.4 Dodging
 - Level 4.0 Shields


You had 2 spell levels left.
You didn't know any spells.
Your spell library was empty.

Dungeon Overview and Level Annotations

Branches:
Dungeon (3/15)

Altars:

Portals:
Sewer: D:3


Innate Abilities, Weirdness & Mutations

You have a pair of horns on your head.
You reflexively headbutt those who attack you in melee.


Message History

There is a stone staircase leading up here.
The adder bites you.
The giant cockroach barely misses you. x2
You furiously retaliate!
You headbutt the giant cockroach!
You kill the giant cockroach!
The adder barely misses you.
You climb upwards.
There is a stone staircase leading down here.
You are too injured to fight recklessly!
You miss the adder.
The adder is almost dead.
The giant cockroach closely misses you. The adder bites you.
You are poisoned.
The adder poisons you! The giant cockroach barely misses you.
You hit the adder.
The adder is almost dead.
You feel very sick. The adder bites you but does no damage.
The giant cockroach closely misses you. The adder bites you.
* * * LOW HITPOINT WARNING * * *
You barely miss the adder.
The adder is almost dead.
You feel sick. The giant cockroach closely misses you.
The adder barely misses you.
The giant cockroach bites you but does no damage.
The adder bites you but does no damage.
You barely miss the adder.
The adder is almost dead.
You feel sick. You block the adder's attack.
The giant cockroach bites you but does no damage.
The adder bites you.
* * * LOW HITPOINT WARNING * * *
You hit the adder but do no damage.
The adder is almost dead.
* * * LOW HITPOINT WARNING * * *
You feel sick.
The giant cockroach bites you but does no damage.
You block the adder's attack. The giant cockroach barely misses you.
You thump the adder!
You kill the adder!
You die...

.##.......##.# #......# #
.##.......##.####### #......#
# ..............(....#
#...(..# #
###.......##.#####.#
#......#### ##..######.# #.#
#.......... #.)# #.# #.#
###'######. #..# #.# #.# #.#
#. #..#
####.#####.######.######.
#..###.......@B...............
#.............................
#.####....############.######.
#.# ####..............######.
#.# ####......########.......
#.# #.............# #.......
#.# #.##..........# #.......
#.# ##.##..........# #.......
#.# #..............######.....


You could see a giant cockroach.

Vanquished Creatures
  3 adders (D:2)
  2 dart slugs
  3 ball pythons
  2 bats
  2 endoplasms
  A giant cockroach (D:3)
  4 goblins
  3 quokkas
  2 kobolds
  6 rats
28 creatures vanquished.

Notes
Turn   | Place    | Note
-------+----------+-------------------------------------------
     0 | D:1      | blank1 the Minotaur Fighter began the quest for the Orb.
     0 | D:1      | Reached XP level 1. HP: 19/19 MP: 0/0
   304 | D:1      | Reached XP level 2. HP: 25/27 MP: 1/1
   794 | D:2      | Reached skill level 1 in Dodging
   803 | D:2      | Reached XP level 3. HP: 22/33 MP: 2/2
  1403 | D:3      | Noticed a water elemental
  1403 | D:3      | Found a glowing drain.
  1416 | D:2      | HP: 1/33 [poisoned by an adder]
  1417 | D:2      | Succumbed to an adder's poison

Illustrated notes

Levels and vault maps discovered:
D:1:      amcnicky_arrival_flooded_fountain, layout_rooms
D:2:      layout_basic
D:3:      layout_rooms, nicolae_qazlal_style_of_elements, elyvilon_altar_4,
          dk_yredelemnul_ordeal, bloody_trog,
          shapermc_ecumenical_altar_mp_ritualfount, portal_sewer_entry_b,
          kennysheep_nondescript

Skill      XL: |  1  2  3 |
---------------+----------+-----
Dodging        | 1 |  1.4
Fighting       | 4 |  4.1
Armour         | 4 |  4.0
Shields        | 4 |  4.0
Maces & Flails | 3 |  3.1

Action                   || total
-------------------------++-------
Melee: Flail             ||    64
       Headbutt          ||     6
Armor: Scale mail        ||    49
Dodge: Dodged            ||    35
Block: Buckler           ||    17

Table legend: (Time is in decaauts)
 A = Elapsed time spent in this place.
 B = Non-inter-level travel time spent in this place.
 C = Inter-level travel time spent in this place.
 D = Time resting spent in this place.
 E = Time spent auto-exploring this place.
 F = Levels seen in this place.
 G = Mean time per level.
                   A        B        C        D        E       F      G
               +--------+--------+--------+--------+--------+-----+--------+
         Total |   1435 |   1395 |     40 |      0 |   1210 |   3 |  478.3 |
       Dungeon |   1435 |   1395 |     40 |      0 |   1210 |   3 |  478.3 |
               +--------+--------+--------+--------+--------+-----+--------+

Top non-repeatable levels by time:
     D:2: 904 daAuts
     D:1: 522 daAuts
     D:3: 8 daAuts
